 Dungeon Crawl Stone Soup version 0.28-a0-1117-g0bdd5ba030 (webtiles) character file.

Game seed: 11780763773812503400

1 ducksouse the Magician (level 1, 0/15 HPs)
             Began as a Djinni Fire Elementalist on Dec 11, 2021.
             Slain by a goblin (3 damage)
             ... on level 1 of the Dungeon.
             The game lasted 00:01:14 (192 turns).

ducksouse the Magician (Djinni Fire Elementalist)    Turns: 192, Time: 00:01:14

Health: 0/15       AC:  2    Str:  7    XL:     1   Next: 22%
Gold:   25         EV: 12    Int: 16    God:
                   SH:  0    Dex: 13

rFire   + + .      SeeInvis .   (no weapon)
rCold   x . .      Faith    .   (no shield)
rNeg    . . .      Spirit   .   a - +0 robe
rPois   ∞          Reflect  .   (no helmet)
rElec   .          Harm     .   (no cloak)
rCorr   .          Rampage  .   (no gloves)
Will    .....                   (boots unavailable)
Stlth   ++........              (no amulet)
HPRegen 0.05/turn               (no ring)
MPRegen 0.00/turn               (no ring)

@: flying
A: sickness immunity, fire resistance 2, cold vulnerability 1, float, innate
caster, hp casting, extra vitality 1
a: no special abilities


You were on level 1 of the Dungeon.
You visited 1 branch of the dungeon, and saw 1 of its levels.

You collected 25 gold pieces.

Inventory:

Armour
 a - a +0 robe (worn)
Potions
 b - 2 potions of curing {unknown}


   Skills:
 + Level 2.2 Dodging
 + Level 1.6 Stealth
 + Level 2.4 Spellcasting


You couldn't memorise any spells.
You knew the following spells:

 Your Spells              Type           Power      Damage    Failure   Level
a - Foxfire               Conj/Fire      36%        2x1d5     8%          1
b - Scorch                Fire           18%        2d5       11%         2
c - Conjure Flame         Conj/Fire      9%         6-21      22%         3
d - Inner Flame           Hex/Fire       9%         N/A       22%         3
e - Flame Wave            Conj/Fire      9%         2d4       58%         4
Your spell library was empty.

Dungeon Overview and Level Annotations

Branches:
Dungeon (1/15)

Altars:


Innate Abilities, Weirdness & Mutations

You are immune to sickness and miasma.
You are immune to poison.
Your flesh is very heat resistant. (rF++)
You are vulnerable to cold. (rC-)
You float through the air rather than walking.
You learn spells naturally, not from books.
Your magical power is your life essence.
You have superior vitality. (+4 HP)


Message History

The goblin shouts!
The foxfire hits the goblin.
The goblin is moderately wounded.
You conjure some foxfire!
Your foxfire dissipates!
The foxfire hits the goblin.
The goblin is heavily wounded.
You miscast Foxfire.
You are very lightly contaminated with residual magic.
Nothing appears to happen.
You conjure some foxfire!
The goblin barely misses you.
Your foxfire dissipates!
You conjure some foxfire!
The goblin hits you with a +0 dagger.
Your foxfire dissipates!
Your magical contamination has completely faded away.
You miss the goblin.
The goblin is heavily wounded.
The goblin misses you.
You barely miss the goblin.
The goblin is heavily wounded.
The goblin closely misses you.
You closely miss the goblin.
The goblin is heavily wounded.
The goblin closely misses you.
You barely miss the goblin.
The goblin is heavily wounded.
The goblin hits you with a +0 dagger.
You closely miss the goblin.
The goblin is heavily wounded.
The goblin closely misses you.
You closely miss the goblin.
The goblin is moderately wounded.
The goblin hits you with a +0 dagger.
* * * LOW HITPOINT WARNING * * *
You are too injured to fight recklessly!
The goblin hits you but does no damage. The goblin hits you with a +0 dagger.
* * * LOW HITPOINT WARNING * * *
The goblin hits you with a +0 dagger.
You die...

.......#.#.#######
.......#.#.#
..8....'.#.#
..8....'.#.#
.....§.#.#.##
.......#.#..####
§§≈≈≈≈8#.......#
########....##.###
##.......@#
.....##.#g#
...#.####.#.#
...... ..#.#
#...## ####.# ##.#
#.##### #.....#
#####.# #.#


You could see a goblin.

Vanquished Creatures
  An endoplasm (D:1)
1 creature vanquished.

Vanquished Creatures (others)
  6 foxfires (D:1)
6 creatures vanquished.

Grand Total: 7 creatures vanquished

Notes
Turn   | Place    | Note
-------+----------+-------------------------------------------
     0 | D:1      | ducksouse the Djinni Fire Elementalist began the quest for
                  | the Orb.
     0 | D:1      | Reached XP level 1. HP: 15/15 MP: 0/0
   192 | D:1      | Slain by a goblin

Illustrated notes

Levels and vault maps discovered:
D:1:      lightli_arrival_noodles, layout_loops_corners, serial_shops,
          nicolae_shop_crystal, shop, minmay_tetromino_t2

Action                   || total
-------------------------++-------
Melee: Unarmed           ||     6
 Cast: Foxfire           ||     6
Armor: Robe              ||     1
Dodge: Dodged            ||     5

Table legend: (Time is in decaauts)
 A = Elapsed time spent in this place.
 B = Non-inter-level travel time spent in this place.
 C = Inter-level travel time spent in this place.
 D = Time resting spent in this place.
 E = Time spent auto-exploring this place.
 F = Levels seen in this place.
 G = Mean time per level.
                   A        B        C        D        E       F      G
               +--------+--------+--------+--------+--------+-----+--------+
         Total |    192 |    192 |      0 |      0 |      0 |   1 |  192.0 |
       Dungeon |    192 |    192 |      0 |      0 |      0 |   1 |  192.0 |
               +--------+--------+--------+--------+--------+-----+--------+

Top non-repeatable levels by time:
     D:1: 192 daAuts
